[Event "Early-Titled-Tuesday-Blitz-November-28-2023"]
[Site "Chess.com"]
[Date "2023.11.28"]
[Round "1"]
[White "FontVella8"]
[Black "Crasmus"]
[Result "1-0"]
[WhiteElo "2604"]
[BlackElo "2271"]
[TimeControl "180+1"]
[EndTime "8:07:09 PST"]
[Termination "FontVella8 won by resignation"]

1. e4 c5 2. Nf3 e6 3. d4 cxd4 4. Nxd4 a6 5. Bd3 Qc7 6. O-O Nf6 7. Qe2 h5 8. c4 Ng4 9. g3 Bc5 10. Nb3 Ba7 11. Nc3 Nc6 12. c5 Nce5 13. h3 Nxd3 14.
Qxd3 Ne5 15. Qd1 Bxc5 16. Nxc5 Qxc5 17. Be3 Qe7 18. Qa4 h4 19. g4 O-O 20. Rad1 b5 21.
Nxb5 d5 22. Nc3 Bd7 23. Qc2 dxe4 24. Qxe4 Ng6 25. Rd2 Rac8 26. Rfd1 Bc6 27. Qd4 Rfd8 28. Qxd8+ Rxd8 29. Rxd8+ Kh7 30. Rc8 Bf3 31. Rdd8 Qb4 32.
Rd2 Bg2 33. Kxg2 Qb7+ 34. Kg1 Qxc8 35. Ne4 Qb7 36. Ng5+ Kg8 37. Rd8+ Nf8 38. Bc5 g6 39. Rxf8+ Kg7 40. Rxf7+ Kg8 41. Rxb7 1-0

[Event "Early-Titled-Tuesday-Blitz-November-28-2023"]
[Site "Chess.com"]
[Date "2023.11.28"]
[Round "1"]
[White "Narek_Ghimoyan"]
[Black "Statham_l3"]
[Result "0-1"]
[WhiteElo "2279"]
[BlackElo "2607"]
[TimeControl "180+1"]
[EndTime "8:07:10 PST"]
[Termination "Statham_l3 won by checkmate"]

1. d4 e6 2. c4 Nf6 3. Nf3 c5 4. d5 b5 5. dxe6 fxe6 6. cxb5 d5 7.
e3 Bb7 8. Nc3 Bd6 9. Be2 O-O 10.
O-O e5 11. Nd2 Nbd7 12. b3 Qe8 13. Bb2 Qg6 14. f3 e4 15. fxe4 Qh6 16. h3 Qxe3+ 17. Kh1 Qg3 18. Nf3 dxe4 19. Nxe4 Bxe4 20. Qe1 Qxe1 21.
Raxe1 Kh8 22. Ng5 Bd5 23. Bc4 Bxc4 24. bxc4 h6 25. Ne6 Rfe8 26. g4 a6 27. a4 axb5 28.
axb5 Ra2 29. Ba1 Rc2 30. g5 hxg5 31. Nxg5 Rxe1 32. Rxe1 Rh2+ 33. Kg1 Ra2 34. Nf7+ Kh7 35. Nxd6 Nh5 36. Nf5 Nb6 37. Bxg7 Nxc4 38. Re7 Nd2 39. Bc3+ Kg6 40. Nh4+ Kg5 41. Bxd2+ Kxh4 42. Be1+ Kxh3 43. Re3+ Kg4 44. Rc3 Ra1 45. Kf2 Nf4 46. Rc4 Ra2+ 47. Ke3 Re2# 0-1

[Event "Early-Titled-Tuesday-Blitz-November-28-2023"]
[Site "Chess.com"]
[Date "2023.11.28"]
[Round "1"]
[White "PawnEatingZombie"]
[Black "PabloZarnicki"]
[Result "0-1"]
[WhiteElo "2186"]
[BlackElo "2556"]
[TimeControl "180+1"]
[EndTime "8:07:10 PST"]
[Termination "PabloZarnicki won by resignation"]

1. e4 e5 2. Nf3 Nf6 3. Nc3 Bb4 4.
Bd3 O-O 5. O-O Nc6 6. Re1 d6 7. h3 a6 8. a3 Bc5 9. Bf1 h6 10. Nd5 Nxd5 11. exd5 Nd4 12. Nxd4 Bxd4 13. c3 Ba7 14. d4 exd4 15. cxd4 Qh4 16. Be3 f5 17. g3 Qf6 18. Rc1 Bb6 19. f4 Bd7 20. Bg2 Rfe8 21. Qd2 Rxe3 22. Rxe3 Qxd4 23. Qxd4 Bxd4 24.
Re1 Re8 25. Kf2 Ba4 26. Kf3 Bd1+ 27. Kf2 Kf7 28. Bf3 Bxf3 29. Kxf3 Rxe3+ 30. Rxe3 Bxe3 31. Kxe3 c5 32. a4 Ke7 33. b3 Kd7 34. Kd3 g6 35. h4 h5 36. Kc4 Kc7 37. b4 cxb4 38. Kxb4 Kb6 39. a5+ Ka7 40. Kc4 b6 41. Kb4 bxa5+ 42. Kxa5 Kb7 0-1

[Event "Early-Titled-Tuesday-Blitz-November-28-2023"]
[Site "Chess.com"]
[Date "2023.11.28"]
[Round "1"]
[White "vasblesk"]
[Black "topce"]
[Result "1-0"]
[WhiteElo "2789"]
[BlackElo "2442"]
[TimeControl "180+1"]
[EndTime "8:07:11 PST"]
[Termination "vasblesk won on time"]

1. Nf3 c5 2. g3 Nc6 3. Bg2 g6 4. O-O Bg7 5. c3 d5 6. d4 cxd4 7. cxd4 Nf6 8. Nc3 O-O 9. Ne5 e6 10. Nxc6 bxc6 11. b3 Qa5 12. Na4 Ne4 13. Ba3 Rd8 14.
Rc1 Ba6 15. Re1 Bb5 16. e3 Bxa4 17. bxa4 Rac8 18. Qc2 Nd6 19. Bf1 Bf8 20. Bd3 Nb7 21.
Bxf8 Kxf8 22. Qb2 Nd6 23. Qa3 Kg7 24. Re2 Rb8 25. Rec2 Qb4 26. Qxb4 Rxb4 27. a5 Ra4 28. a6 Nc4 29. Bxc4 dxc4 30. Rxc4 Rxa6 31. R1c2 Rd6 32. Kg2 Kf6 33. Kf3 Ke7 34. Ke4 Kd7 35. Rb2 Kc7 36. a4 Rb6 37. Ra2 Rd5 38. Rac2 Ra5 39. Rc5 Kd6 40. Rxa5 f5+ 41. Kd3 1-0

[Event "Early-Titled-Tuesday-Blitz-November-28-2023"]
[Site "Chess.com"]
[Date "2023.11.28"]
[Round "1"]
[White "nicolochessit"]
[Black "wadsy27"]
[Result "0-1"]
[WhiteElo "2323"]
[BlackElo "2626"]
[TimeControl "180+1"]
[EndTime "8:07:11 PST"]
[Termination "wadsy27 won on time"]

1. e4 c5 2. Nf3 Nc6 3. c3 Nf6 4.
e5 Nd5 5. d4 cxd4 6. cxd4 e6 7.
Bc4 d6 8. O-O dxe5 9. dxe5 Be7 10.
Bxd5 exd5 11. Nc3 Be6 12. Be3 O-O 13. Nd4 Nxe5 14. Rc1 Nc4 15. Qe2 Bf6 16. Rfd1 Nxe3 17. Qxe3 Re8 18. Qg3 Rc8 19. Ncb5 Rxc1 20. Rxc1 Qb6 21.
Nxe6 Qxe6 22. Rf1 Be5 23. Qe3 a6 24. Nd4 Qf6 25. Re1 Bxh2+ 26. Kxh2 Rxe3 27. Rxe3 g6 28. Kg1 Qxd4 29. Re8+ Kg7 30. Re7 Qxb2 31. Rd7 Qxa2 32.
g4 Qa1+ 33. Kg2 Qe5 34. g5 Qxg5+ 35. Kf1 a5 36. f4 Qxf4+ 37. Ke2 Qg4+ 38. Kd3 Qxd7 39. Kd4 Qe6 40. Kc5 d4 41. Kb5 Qd5+ 0-1

[Event "Early-Titled-Tuesday-Blitz-November-28-2023"]
[Site "Chess.com"]
[Date "2023.11.28"]
[Round "1"]
[White "Laico"]
[Black "DreamsAreFake"]
[Result "0-1"]
[WhiteElo "2340"]
[BlackElo "2645"]
[TimeControl "180+1"]
[EndTime "8:07:13 PST"]
[Termination "DreamsAreFake won on time"]

1. e4 c6 2. d4 d5 3. f3 e6 4.
Nc3 Bb4 5. Bf4 Ne7 6. Qd3 Nd7 7. O-O-O O-O 8. Nge2 Ng6 9. Bg3 f5 10. h4 h5 11. a3 Be7 12. exf5 exf5 13. Nf4 Nxf4 14.
Bxf4 g6 15. Kb1 Rf7 16. Bc1 Nf8 17. Be2 Bxh4 18. g4 fxg4 19. fxg4 hxg4 20. Bh6 Bf5 21. Qd2 Bf6 22. Rdg1 Qd7 23. Nd1 Re8 24. Ne3 Re4 25. Nxf5 gxf5 26. Bxf8 Rxf8 27. Bd3 Rxd4 28. Qh6 Qg7 29.
Qh5 Rxd3 30. cxd3 Bxb2 31. Rf1 Bxa3 32. Rh2 g3 33. Ra2 Bc5 34. Qh3 f4 0-1

[Event "Early-Titled-Tuesday-Blitz-November-28-2023"]
[Site "Chess.com"]
[Date "2023.11.28"]
[Round "1"]
[White "CuteSheepCloud"]
[Black "ammarzooqi"]
[Result "1/2-1/2"]
[WhiteElo "2631"]
[BlackElo "2341"]
[TimeControl "180+1"]
[EndTime "8:07:14 PST"]
[Termination "Game drawn by stalemate"]

1. f4 Nf6 2. g3 g6 3. Bg2 Bg7 4. e4 d6 5. Ne2 O-O 6. O-O h5 7. d4 c5 8. c3 Nc6 9. h3 Qb6 10. Kh2 Bd7 11. d5 Nd8 12. Nd2 e6 13. Nc4 Qc7 14.
dxe6 Bb5 15. exf7+ Nxf7 16. Ne3 Rae8 17. c4 Bc6 18.
Nd5 Bxd5 19. exd5 b5 20. cxb5 Re7 21. f5 g5 22. h4 gxh4 23. Nf4 hxg3+ 24. Kh1 Ng4 25.
Nxh5 Nf2+ 26. Rxf2 gxf2 27. f6 Re1+ 28. Kh2 Rxd1 29.
fxg7 Rb8 30. Bh6 Nxh6 31. Rxd1 Qf7 32. Ng3 Ng4+ 33. Kh3 Ne3 34. Rd3 Nxg2 35. Kxg2 Rxb5 36. b3 c4 37. bxc4 Rb1 38. Nf1 Qxg7+ 39. Rg3 Rb2 40. a4 Ra2 41. Rxg7+ Kxg7 42. Ne3 Kf6 43. Kf3 Ke5 44.
Ng4+ Kd4 45. Nxf2 Kxc4 46. Nd1 Kxd5 47. Nc3+ Kc4 48. Nxa2 Kb3 49. a5 Kxa2 50. Ke4 Ka3 51. Kd5 Ka4 52. a6 Ka5 53. Kxd6 Kxa6 54. Kc5 Ka5 55.
Kc4 Ka4 56. Kc3 a5 57. Kb2 Kb4 58. Ka1 a4 59. Ka2 a3 60. Ka1 Kb3 61. Kb1 a2+ 62. Ka1 Ka3 1/2-1/2

[Event "Early-Titled-Tuesday-Blitz-November-28-2023"]
[Site "Chess.com"]
[Date "2023.11.28"]
[Round "1"]
[White "ljm509"]
[Black "Aguiar94"]
[Result "0-1"]
[WhiteElo "2330"]
[BlackElo "2632"]
[TimeControl "180+1"]
[EndTime "8:07:14 PST"]
[Termination "Aguiar94 won by resignation"]

1. e4 c5 2. Nf3 e6 3. d4 cxd4 4.
Nxd4 Nc6 5. Nc3 Qc7 6. Be3 a6 7. g4 Nge7 8. Be2 Nxd4 9. Bxd4 Nc6 10. Be3 b5 11. a3 Bb7 12. Qd2 Be7 13. h4 Rc8 14. g5 Na5 15. O-O-O b4 16. axb4 Bxb4 17. Bd4 e5 18. Be3 Bxe4 19. Bb6 Bxc3 20. bxc3 Qxc3 21. Qxd7+ Kf8 22. Qd6+ Ke8 23. Qd7+ Kf8 24. Qd6+ Ke8 25. Bb5+ Bc6 26. Bxa5 Qa1+ 27. Kd2 Qxa5+ 28. Ke3 Qb6+ 29. Kd2 Rd8 30. Bxc6+ Qxc6 31. Qxd8+ Kxd8 32. Kc1+ Ke7 33. Rhe1 f6 34. gxf6+ gxf6 0-1

[Event "Early-Titled-Tuesday-Blitz-November-28-2023"]
[Site "Chess.com"]
[Date "2023.11.28"]
[Round "1"]
[White "crosky"]
[Black "Mikhail_Golubev"]
[Result "1-0"]
[WhiteElo "2316"]
[BlackElo "2600"]
[TimeControl "180+1"]
[EndTime "8:07:14 PST"]
[Termination "crosky won on time"]

1. c4 g6 2. Nc3 Bg7 3. d4 Nf6 4. e4 d6 5. Be2 O-O 6. Bg5 c5 7. d5 h6 8. Be3 e6 9. Qd2 exd5 10. exd5 Kh7 11. h4 Ng4 12. Bf4 Re8 13. f3 Ne5 14.
O-O-O a6 15. g4 b5 16. cxb5 axb5 17. Bxb5 Bd7 18. Bd3 Nxd3+ 19. Qxd3 Bxc3 20. Qxc3 Rxa2 21. Kb1 Ra4 22. Bxd6 Bxg4 23. Bxc5 Bf5+ 24. Kc1 Nd7 25. Ba3 Nb6 26. Rd4 Nxd5 27. Qc5 Rxd4 28. Qxd4 Qc7+ 29.
Qc5 Qf4+ 30. Kd1 Ne3+ 31. Ke2 Nc4+ 32. Kf1 Ne3+ 33. Ke2 Ng4+ 34. Kf1 Ne3+ 35. Kf2 Nd1+ 36. Kf1 Qd2 37. Bb4 1-0

[Event "Early-Titled-Tuesday-Blitz-November-28-2023"]
[Site "Chess.com"]
[Date "2023.11.28"]
[Round "1"]
[White "Rumpel-VK"]
[Black "crescentmoon2411"]
[Result "1-0"]
[WhiteElo "2541"]
[BlackElo "2953"]
[TimeControl "180+1"]
[EndTime "8:07:15 PST"]
[Termination "Rumpel-VK won by resignation"]

1. d4 Nf6 2. c4 g6 3. Nc3 Bg7 4. e4 d6 5. h3 Nc6 6. Nf3 O-O 7. d5 Nb8 8. Bd3 a5 9. O-O Na6 10. Bg5 Nc5 11. Bc2 h6 12. Bf4 e5 13. Be3 Nh5 14.
Qd2 g5 15. Kh2 Nf4 16. Ng1 Qf6 17. g3 h5 18. gxf4 exf4 19. Bxc5 dxc5 20. e5 Qxe5 21. Nf3 Qe7 22. Rae1 Qd8 23. Rg1 g4 24. Qxf4 Ra6 25. Qg5 Qf6 26. Rg3 Qxg5 27. Nxg5 Rb6 28.
Nb5 c6 29. Nd6 Rxb2 30. Bh7+ Kh8 31. Re8 Rxf2+ 32. Kg1 Rxe8 33. Kxf2 Bd4+ 34. Kf1 h4 35. Rb3 Rf8 36. Nxc8 Rxc8 37. Rxb7 gxh3 38. Nxf7+ Kxh7 39. Nd6+ Kg6 40. Nxc8 cxd5 41. cxd5 c4 42. d6 c3 43. d7 Bf6 44. Rb6 c2 45. Rxf6+ 1-0

[Event "Early-Titled-Tuesday-Blitz-November-28-2023"]
[Site "Chess.com"]
[Date "2023.11.28"]
[Round "1"]
[White "Oleksandr_Bortnyk"]
[Black "WPWPWP-2015"]
[Result "1-0"]
[WhiteElo "3063"]
[BlackElo "2522"]
[TimeControl "180+1"]
[EndTime "8:07:16 PST"]
[Termination "Oleksandr_Bortnyk won by checkmate"]

1. e4 e5 2. Nf3 Nc6 3. Bb5 Nf6 4. Nc3 Nd4 5. Ba4 Nxf3+ 6. Qxf3 c6 7. d3 d6 8. h3 h6 9. Be3 Be7 10.
O-O-O b5 11. Bb3 a5 12. a4 b4 13. Ne2 Qc7 14. g4 Be6 15. d4 Bxb3 16. cxb3 c5 17. dxe5 dxe5 18. Kb1 Qc6 19. Ng3 g6 20. h4 c4 21. Rc1 Qe6 22. g5 Qg4 23. Qg2 Nh5 24. Rxc4 Nf4 25. Bxf4 exf4 26. e5 O-O 27. gxh6 Rac8 28.
Qe4 Rxc4 29. bxc4 Bxh4 30. Ne2 g5 31. f3 Qd7 32. Nd4 Qxa4 33. e6 b3 34. e7 Qa2+ 35. Kc1 Qa1+ 36. Kd2 Qxb2+ 37. Kd3 Re8 38. Qe5 Rxe7 39.
Qg7# 1-0

[Event "Early-Titled-Tuesday-Blitz-November-28-2023"]
[Site "Chess.com"]
[Date "2023.11.28"]
[Round "1"]
[White "Azerichess"]
[Black "whitemirrorninja"]
[Result "1-0"]
[WhiteElo "3040"]
[BlackElo "2519"]
[TimeControl "180+1"]
[EndTime "8:07:17 PST"]
[Termination "Azerichess won by resignation"]

1. d4 Nf6 2. Bg5 g6 3. Bxf6 exf6 4. c4 f5 5. Nc3 Bg7 6. g3 O-O 7. Bg2 Re8 8. e3 d6 9. Nge2 Nd7 10. O-O Nf6 11. b4 h5 12. h4 Rb8 13. Nf4 Bd7 14.
a4 Bc6 15. Ncd5 Nxd5 16. cxd5 Bd7 17. b5 Bh6 18. Nd3 Re7 19. Re1 a6 20. Qb3 axb5 21.
axb5 Ra8 22. Rxa8 Qxa8 23. b6 Qa4 24. Qxa4 Bxa4 25. Nb2 Bb5 26. Bf1 Bxf1 27. Kxf1 cxb6 28.
Nc4 b5 29. Na5 Rc7 30. Rb1 f4 31. gxf4 Bf8 32. Kg2 Be7 33. Kg3 Kg7 34. Rxb5 Rc1 35. Rxb7 Bf6 36. Rd7 Rg1+ 37. Kh2 Rg4 38. f3 Rxh4+ 39.
Kg2 Bxd4 40. exd4 Rxf4 41. Rxd6 Rxd4 42. Nc6 Rd2+ 43. Kg3 g5 44. Ne5 f5 45. Rg6+ Kh7 46.
Rxg5 Rxd5 47. Rxh5+ Kg7 48. Rxf5 Ra5 49. f4 Kh7 50.
Rh5+ Kg7 51. Rg5+ Kh7 52. Kg4 Ra1 53. Nd7 Rg1+ 54. Kf5 Rd1 55. Nf6+ 1-0

[Event "Early-Titled-Tuesday-Blitz-November-28-2023"]
[Site "Chess.com"]
[Date "2023.11.28"]
[Round "1"]
[White "SashaKuzhilniy"]
[Black "Chessdude1987"]
[Result "1-0"]
[WhiteElo "2628"]
[BlackElo "2326"]
[TimeControl "180+1"]
[EndTime "8:07:17 PST"]
[Termination "SashaKuzhilniy won on time"]

1. b3 e5 2. Bb2 d6 3. e3 Nc6 4. c4 Nf6 5. Nc3 g6 6. Nf3 Bg7 7. d4 O-O 8. Be2 e4 9. Nd2 Re8 10. d5 Nb8 11. h3 c5 12. Qc2 h5 13. O-O-O Na6 14. a3 Qe7 15. Kb1 h4 16. g4 hxg3 17.
fxg3 Nc7 18. g4 b5 19. g5 Nh7 20. h4 bxc4 21. bxc4 Bf5 22. Ka2 Rab8 23. Ba1 Rb6 24. Rb1 Reb8 25. Na4 Rxb1 26. Rxb1 Rxb1 27. Qxb1 Qe8 28.
Bxg7 Kxg7 29. Nc3 Qe5 30. Ncxe4 Nxd5 31. cxd5 Qxd5+ 32. Bc4 Qe5 33. Qb2 Qxb2+ 34. Kxb2 f6 35. gxf6+ Nxf6 36. Nxd6 Ng4 37. e4 Bd7 38. Nf3 Ne3 39.
Kc3 Bg4 40. Ne5 Bh5 41. Ne8+ Kh6 42. Nf6 Ng2 43. Nxh5 Kxh5 44. Be2+ Kh6 45. Nf3 Nf4 46. Bf1 Kg7 47. Kc4 Ne6 48. Kd5 Kf6 49. Bc4 Ke7 50. Kc6 a5 51. Bxe6 Kxe6 52. Kxc5 1-0

[Event "Early-Titled-Tuesday-Blitz-November-28-2023"]
[Site "Chess.com"]
[Date "2023.11.28"]
[Round "1"]
[White "FischerKasparow"]
[Black "noblerone"]
[Result "0-1"]
[WhiteElo "2101"]
[BlackElo "2545"]
[TimeControl "180+1"]
[EndTime "8:07:17 PST"]
[Termination "noblerone won on time"]

1. e4 d5 2. exd5 Qxd5 3. Nc3 Qd8 4. Bc4 Nf6 5. Nf3 a6 6. a4 Nc6 7. O-O Bf5 8. d3 e6 9. Qe2 Be7 10. h3 O-O 11. a5 h6 12. Bf4 Bb4 13. Ne4 Bxa5 14.
c3 Bb6 15. Ne5 Nxe5 16. Bxe5 Bxe4 17. dxe4 Qe7 18. Qf3 Nd7 19. Bf4 Qf6 20. Qg3 e5 21.
Bd2 Nc5 22. Qf3 Qxf3 23. gxf3 Rfd8 24. Be3 Nd7 25. Bd2 Kf8 26. Rfd1 Ke7 27. Kg2 Nf6 28. Be3 Bxe3 29. fxe3 c6 30. Bb3 Ne8 31. f4 exf4 32. exf4 Nf6 33. Kf3 Nd7 34. e5 Nc5 35. Bc2 Ne6 36.
f5 Nc7 37. Ke4 Nd5 0-1

[Event "Early-Titled-Tuesday-Blitz-November-28-2023"]
[Site "Chess.com"]
[Date "2023.11.28"]
[Round "1"]
[White "JSPrepz"]
[Black "Goffredo_Fofi"]
[Result "1-0"]
[WhiteElo "2830"]
[BlackElo "2457"]
[TimeControl "180+1"]
[EndTime "8:07:18 PST"]
[Termination "JSPrepz won by resignation"]

1. e4 c5 2. Nf3 d6 3. Nc3 Nf6 4. e5 dxe5 5. Nxe5 Qc7 6. d4 cxd4 7. Qxd4 Nc6 8. Nxc6 bxc6 9. Bf4 Qb6 10. O-O-O Qxd4 11. Rxd4 e6 12. Bd6 Bxd6 13. Rxd6 Bd7 14. Rd2 Ke7 15. Bc4 Rhd8 16. Rhd1 Be8 17. Rxd8 Rxd8 18.
Rxd8 Kxd8 19. f3 Kc7 20. Kd2 c5 21. Ne2 Bc6 22. Nf4 g5 23. Nd3 Kd6 24. Ke3 Nd5+ 25. Bxd5 Bxd5 26. b3 c4 27. Nb2 cxb3 28. axb3 a5 29.
c4 Bc6 30. Nd3 e5 31. g4 f6 32. h3 a4 33. b4 a3 34. Nc1 e4 35. fxe4 Ke5 36. Nd3+ Kd6 37. Nc1 Ke5 38. b5 Bxe4 39.
c5 Bb1 40. b6 Be4 41. Nd3+ Bxd3 42. b7 a2 43. b8=Q+ Kd5 44. Qd6+ Kc4 45. Qxd3+ Kxc5 46. Qa3+ 1-0

[Event "Early-Titled-Tuesday-Blitz-November-28-2023"]
[Site "Chess.com"]
[Date "2023.11.28"]
[Round "1"]
[White "muthaiahchess"]
[Black "Firouzja2003"]
[Result "0-1"]
[WhiteElo "2518"]
[BlackElo "3053"]
[TimeControl "180+1"]
[EndTime "8:07:19 PST"]
[Termination "Firouzja2003 won on time"]

1. Nf3 Nf6 2. g3 g6 3. Bg2 Bg7 4. O-O O-O 5. c4 d6 6. Nc3 e5 7.
d3 Nc6 8. Rb1 a5 9. a3 Re8 10.
Nd2 Nd4 11. e3 Ne6 12. b4 h5 13. Nf3 axb4 14. axb4 Bd7 15. Bd2 Qc8 16. h4 Nf8 17. Ng5 N8h7 18. Nxh7 Kxh7 19. b5 Bf5 20. Qe2 e4 21.
dxe4 Nxe4 22. Nxe4 Bxe4 23. Bxe4 Rxe4 24. Rfc1 Ra2 25.
Qd3 Qe6 26. Be1 Bf6 27. Qd5 b6 28. Qxe6 fxe6 29. Kg2 Rxe3 30. Rd1 Ree2 31. Rd3 Kg7 32. Rf3 Rec2 33. Rf4 Be5 34. Re4 Kf6 35. Kf1 Kf5 36. Re3 Kf6 37. Rf3+ Ke7 38. Rd1 Rxc4 39. Bd2 Bf6 0-1

[Event "Early-Titled-Tuesday-Blitz-November-28-2023"]
[Site "Chess.com"]
[Date "2023.11.28"]
[Round "1"]
[White "Grischuk"]
[Black "GKARU"]
[Result "1-0"]
[WhiteElo "3056"]
[BlackElo "2520"]
[TimeControl "180+1"]
[EndTime "8:07:20 PST"]
[Termination "Grischuk won on time"]

1. d4 Nf6 2. c4 e6 3. Bg5 d5 4. e3 Be7 5. Nc3 O-O 6. Qc2 b6 7. Nf3 Bb7 8. Bxf6 Bxf6 9. cxd5 exd5 10. Rd1 Nd7 11. Bd3 g6 12. h4 Re8 13. h5 Nf8 14. b4 c5 15. bxc5 bxc5 16. Bb5 Re6 17. O-O Rc8 18. Qd2 Rb6 19. Be2 Rb4 20. a3 cxd4 21.
Nxd4 Rb6 22. Bf3 Kg7 23. a4 Ne6 24. Nce2 Ra6 25. Nxe6+ fxe6 26. hxg6 hxg6 27. Nf4 Qe8 28. Rb1 Ba8 29. Be2 Rb6 30. a5 Rxb1 31. Rxb1 Rd8 32. Bg4 Rd6 33. Qc2 e5 34. Qc7+ Qd7 35. Bxd7 1-0

[Event "Early-Titled-Tuesday-Blitz-November-28-2023"]
[Site "Chess.com"]
[Date "2023.11.28"]
[Round "1"]
[White "dropstoneDP"]
[Black "mortngabriel"]
[Result "1-0"]
[WhiteElo "2974"]
[BlackElo "2510"]
[TimeControl "180+1"]
[EndTime "8:07:21 PST"]
[Termination "dropstoneDP won on time"]

1. e4 c5 2. Nf3 Nc6 3. Bb5 Nf6 4. Bxc6 dxc6 5. d3 Bg4 6. h3 Bh5 7. Nbd2 Nd7 8. Nc4 Qc7 9. a4 e5 10. b3 Be7 11. Bb2 f6 12. Ne3 Bf7 13. Nf5 Bf8 14. O-O g6 15. Ne3 O-O-O 16. Nd2 Bh6 17.
Ndc4 Nf8 18. Ng4 Bg7 19. Qf3 Qe7 20. a5 h5 21. Nge3 Ne6 22. a6 b6 23. Qg3 Nf4 24. Rae1 Be6 25. Qf3 Qd7 26. Kh2 g5 27. Nf5 Bxf5 28. exf5 Kc7 29. Qe4 h4 30. Ne3 Qc8 31.
b4 cxb4 32. Qxb4 Nd5 33. Nxd5+ Rxd5 34. Qe4 Rhd8 35. Ra1 Kb8 36. Ra4 Bf8 37. Kg1 Bc5 38.
Rfa1 Bd4 39. c3 Bc5 40. d4 exd4 41. cxd4 Bd6 42. Rc4 Qxf5 43. Qxf5 Rxf5 44. Rxc6 Rd5 45. Kf1 Bf4 46. Rxf6 Rb5 47. Bc1 Bxc1 48. Rxc1 Rbd5 49.
Rf7 Rxd4 50. Rcc7 Rd1+ 51. Ke2 R1d2+ 52. Kf3 R2d3+ 53. Kg4 R3d4+ 54. Kh5 1-0

[Event "Early-Titled-Tuesday-Blitz-November-28-2023"]
[Site "Chess.com"]
[Date "2023.11.28"]
[Round "1"]
[White "TomLiu777"]
[Black "FairChess_on_YouTube"]
[Result "0-1"]
[WhiteElo "2523"]
[BlackElo "3091"]
[TimeControl "180+1"]
[EndTime "8:07:22 PST"]
[Termination "FairChess_on_YouTube won by checkmate"]

1. c4 Nf6 2. Nc3 e5 3. Nf3 Nc6 4. e4 Bb4 5. d3 d6 6. a3 Bc5 7.
b4 Bb6 8. Na4 Bg4 9. Be2 Bxf3 10. Bxf3 Bd4 11. Rb1 a5 12. b5 Nb8 13. Qd2 Nbd7 14.
O-O O-O 15. Bd1 Nc5 16. Nc3 Nfd7 17. Ne2 Ne6 18. Nxd4 Nxd4 19. Bb2 Nc5 20. f3 Nce6 21. f4 exf4 22. Qf2 Qf6 23. Bg4 Qg5 24. h3 h5 25. Bd1 Qe5 26. Bxh5 Qxh5 27. Bxd4 Rae8 28. Bc3 f5 29. e5 Rd8 30. exd6 Rxd6 31. d4 Ng5 32.
Bxa5 Rg6 33. Kh2 Nxh3 34. gxh3 Rg3 35. Qxg3 fxg3+ 36. Kxg3 f4+ 37. Kh2 Qe2+ 38. Kh1 Qe4+ 39. Kh2 Qe2+ 40. Kh1 f3 41. Kg1 Qg2# 0-1

[Event "Early-Titled-Tuesday-Blitz-November-28-2023"]
[Site "Chess.com"]
[Date "2023.11.28"]
[Round "1"]
[White "BogdanDeac"]
[Black "GiorgianBarbosa"]
[Result "1-0"]
[WhiteElo "2989"]
[BlackElo "2514"]
[TimeControl "180+1"]
[EndTime "8:07:23 PST"]
[Termination "BogdanDeac won by resignation"]

1. b3 Nf6 2. Bb2 g6 3. Nf3 Bg7 4. g3 O-O 5. Bg2 d5 6. c4 c6 7.
O-O Bg4 8. d3 Bxf3 9. Bxf3 e6 10.
Nd2 Nbd7 11. d4 a6 12. Rc1 Re8 13. e3 b5 14. cxd5 cxd5 15. Rc6 Qa5 16. Qc2 Bf8 17. a3 Bxa3 18. Ra1 b4 19. Nb1 Qb5 20. Nxa3 bxa3 21. Rxa3 a5 22. Rc7 Reb8 23. Bc1 Qb6 24. Bd2 Nf8 25.
Rc6 Qb7 26. Bxa5 Rc8 27. Rxc8 Rxc8 28. Qd1 Ne8 29. Be1 Nd6 30. b4 Nc4 31. Ra2 Nd7 32. Qa1 Ndb6 33. Be2 Qc6 34. Ra7 h5 35. h4 Qd6 36. Qa6 Rb8 37. Kg2 Kg7 38. Qb5 Qd8 39. Qa6 Rc8 40. Qa2 Rc7 41. Rxc7 Qxc7 42. b5 Qd7 43. Qa6 Qd6 44. Ba5 Qc7 45. Bxc4 dxc4 46. Qxb6 Qd7 47. Qc6 Qa7 48. Bc3 Qa4 49.
d5+ Kh7 50. Qd7 1-0

[Event "Early-Titled-Tuesday-Blitz-November-28-2023"]
[Site "Chess.com"]
[Date "2023.11.28"]
[Round "1"]
[White "YouShallNotPass001"]
[Black "Karateloru"]
[Result "0-1"]
[WhiteElo "2447"]
[BlackElo "2796"]
[TimeControl "180+1"]
[EndTime "8:07:23 PST"]
[Termination "Karateloru won by resignation"]

1. Nf3 Nf6 2. e3 d5 3. Be2 c5 4. O-O Nc6 5. d4 Bg4 6. h3 Bxf3 7. Bxf3 e5 8. dxe5 Nxe5 9. Nd2 Bd6 10. c4 dxc4 11. Nxc4 Nxc4 12. Qa4+ Qd7 13. Qxc4 O-O 14. Rd1 Qe7 15. Bd2 Rad8 16. Bc3 b6 17. a4 Be5 18. a5 Bxc3 19. Qxc3 b5 20. Bc6 a6 21. Rac1 h6 22. Rxd8 Rxd8 23. Qxc5 Rd1+ 24. Kh2 Qc7+ 25. g3 Ne4 26.
Qc2 Rxc1 27. Qxc1 Nxf2 28. Qc3 Nd1 29. Qd4 Nxe3 30. Be4 Nf1+ 31. Kg2 Nxg3 32. Bd3 Nh5 33. Be4 Nf6 34. Bd3 Qxa5 35. Qe3 Qd8 36. Kf3 g6 37.
Bc2 Kg7 38. Qc3 Qd5+ 39. Kf2 Qg5 40. Bd3 Qf4+ 41. Kg2 g5 42. Kg1 b4 43. Kg2 bxc3 0-1

[Event "Early-Titled-Tuesday-Blitz-November-28-2023"]
[Site "Chess.com"]
[Date "2023.11.28"]
[Round "1"]
[White "ChessSwole"]
[Black "Aleksandar-Topalov"]
[Result "1-0"]
[WhiteElo "2671"]
[BlackElo "2372"]
[TimeControl "180+1"]
[EndTime "8:07:23 PST"]
[Termination "ChessSwole won by checkmate"]

1. e4 e6 2. d4 d5 3. Nc3 Bb4 4. e5 Qd7 5. h4 h5 6. Nh3 b6 7.
Qf3 Ba6 8. Bxa6 Nxa6 9. Qg3 g6 10. O-O Be7 11. Bg5 Nb4 12. Rfc1 Nh6 13. a3 Nf5 14. Qf4 Nc6 15. Ne2 Bxg5 16. Nxg5 Nce7 17. c3 c5 18. a4 Nc6 19. Ng3 c4 20. Nxf5 gxf5 21.
Qf3 O-O-O 22. Nh3 Rdg8 23. Nf4 Rg4 24. g3 Na5 25. Re1 Qe7 26. Kf1 Nb3 27. Rad1 Qd7 28. a5 Nxa5 29. Ng2 Nb3 30. Ne3 a5 31. Kg2 Kc7 32.
Nxg4 hxg4 33. Qe3 Rh5 34. f3 gxf3+ 35. Qxf3 Rh8 36. h5 Qe7 37. Rh1 Qg5 38. Qf4 Qg7 39. h6 Qg6 40. Rh4 b5 41. Rdh1 Rh7 42. Rh5 Qg8 43.
Qh4 Kd7 44. Qf6 Nd2 45. Rg5 Qh8 46. Rg7 Ne4 47. Qxf7+ Kc6 48. Qc7# 1-0

[Event "Early-Titled-Tuesday-Blitz-November-28-2023"]
[Site "Chess.com"]
[Date "2023.11.28"]
[Round "1"]
[White "FARIZA2018"]
[Black "Ziyamammadov"]
[Result "1-0"]
[WhiteElo "2526"]
[BlackElo "1827"]
[TimeControl "180+1"]
[EndTime "8:07:23 PST"]
[Termination "FARIZA2018 won by resignation"]

1. e4 e6 2. d4 d5 3. Nd2 dxe4 4.
Nxe4 Nd7 5. Nf3 Ngf6 6. Bd3 Nxe4 7. Bxe4 Nf6 8. Bd3 c5 9. c3 cxd4 10. cxd4 Bb4+ 11. Bd2 Bxd2+ 12. Qxd2 O-O 13. O-O Qb6 14. Rac1 Bd7 15. Ne5 Rac8 16. Rc3 g6 17. Nxd7 Nxd7 18. Rfc1 Rc6 19. Rxc6 bxc6 20. Be4 Nb8 21. Qc3 Rd8 22. Rd1 c5 23. d5 Nc6 24. Rd2 Ne7 25. dxe6 fxe6 26. h4 Nd5 27. Qh3 Nf4 28. Rxd8+ Qxd8 29. Qf3 e5 30. g3 Ne6 31. Bd5 Qd7 32. Qe4 Qd6 33. f4 Kf8 34. fxe5 Qb6 35. Qf3+ Ke8 36. Qf6 c4+ 37. Kg2 Qxb2+ 38. Kh3 Nd8 39. Qh8+ Kd7 40.
Qxh7+ Kc8 41. Qxg6 Qb6 42. Qxb6 axb6 43. Bxc4 Kd7 44. h5 Ke7 45. h6 Kf8 46. g4 Nc6 47. e6 Ne5 48. h7 Kg7 49. e7 1-0